Map: Lock & Load

Players

NamroodTuo

  • Race: Terran Terran
  • Spawn Location: 6:00

gag

  • Race: Zerg Zerg
  • Spawn Location: 7:00

VOD

Have the link to the VOD?

Description

Time

  • Played on: Jan. 14, 2023, 7:02 a.m.
  • Length: 19:22
Show
View Real Time Build Order
Export as new Build Order

NamroodTuo Terran 

Build Orders:  

Get SALT Encoding   

  12  0:02  SCV  
  13  0:16  SCV  
  14  0:37  SCV  
  14  0:38  Factory  
  15  1:03  Supply Depot  
  15  1:33  SCV  
  16  1:47  SCV  
  16  1:49  Refinery  
  17  1:51  Refinery  
  17  1:53  Hellbat  
  19  2:00  SCV  
  20  2:14  SCV  
  21  2:27  SCV  
  21  2:28  Perdition Turret  
  22  2:41  SCV  
  23  2:52  Devastation Turret  
  23  3:03  Supply Depot  
  23  3:27  Hellbat  
  23  3:35  Supply Depot  
  25  3:43  Perdition Turret  
  25  3:51  Hellbat  
  27  4:01  SCV  
  27  4:07  Devastation Turret  
  28  4:15  SCV  
  28  4:16  Engineering Bay  
  29  4:29  SCV  
  30  4:30  Supply Depot  
  30  4:42  SCV  
  31  4:56  SCV  
  32  5:44  Spinning Dizzy  
  32  6:03  SCV  
  32  6:09  Spinning Dizzy  
  33  6:13  Supply Depot  
  33  6:17  SCV  
  34  6:30  SCV  
  34  6:33  Devastation Turret  
  35  6:53  Command Center  
  35  7:02  Supply Depot  
  35  7:04  Devastation Turret  
  35  7:17  Perdition Turret  
  35  7:20  SCV  
  36  7:31  Hi-Sec Auto Tracking  
  36  7:34  SCV  
  36  7:36  Devastation Turret  
  37  7:48  SCV  
  38  8:07  Devastation Turret  
  38  8:08  Goliath  
  40  8:40  Goliath  
  42  9:01  Devastation Turret  
  42  9:12  Goliath  
  44  9:20  SCV  
  45  9:30  Spinning Dizzy  
  45  9:34  SCV  
  46  9:46  Structure Armor  
  46  9:47  SCV  
  46  9:49  Factory Tech Lab  
  47  9:51  Devastation Turret  
  47  10:01  SCV  
  48  10:14  SCV  
  49  10:22  Devastation Turret  
  49  10:28  SCV  
  50  10:36  Devastation Turret  
  50  10:49  Spinning Dizzy  
  50  10:52  Armory  
  50  10:58  Ares-Class Targeting System  
  50  11:04  Devastation Turret  
  50  11:10  Devastation Turret  
  50  11:14  Goliath  
  52  11:23  SCV  
  53  11:36  Devastation Turret  
  53  11:37  SCV  
  54  11:46  Goliath  
  54  11:49  Spinning Dizzy  
  56  11:50  SCV  
  57  12:06  Spinning Dizzy  
  57  12:08  Devastation Turret  
  57  12:14  Upgrade Laser Drill Level 1  
  57  12:18  Goliath  
  59  12:21  Terran Vehicle and Ship Weapons Level 1  
  59  12:26  SCV  
  59  12:28  Spinning Dizzy  
  60  12:37  Spinning Dizzy  
  60  12:40  SCV  
  61  12:50  Goliath, Spinning Dizzy  
  61  12:53  SCV  
  64  13:07  SCV  
  65  13:21  SCV  
  65  13:22  Goliath  
  68  13:35  Supply Depot  
  68  13:54  Goliath  
  70  14:06  Perdition Turret  
  70  14:07  Supply Depot  
  70  14:20  Devastation Turret  
  70  14:26  Goliath  
  72  14:38  Supply Depot  
  72  14:49  Perdition Turret  
  72  14:58  Goliath  
  74  15:00  Spinning Dizzy  
  74  15:10  Supply Depot  
  74  15:14  Perdition Turret  
  74  15:19  Devastation Turret  
  74  15:41  SCV  
  75  15:51  Spinning Dizzy  
  75  15:55  SCV  
  76  16:06  Spinning Dizzy  
  76  16:08  SCV  
  77  16:11  Devastation Turret  
  77  16:22  SCV  
  77  16:27  Devastation Turret  
  78  16:35  SCV  
  78  16:39  Spinning Dizzy  
  79  16:58  Spinning Dizzy  
  79  17:01  Devastation Turret  
  79  17:20  Devastation Turret  
  79  17:23  Goliath  
  81  17:32  SCV  
  82  17:46  SCV  
  82  17:49  Spinning Dizzy  
  83  17:55  Goliath  
  85  18:00  SCV  
  85  18:08  Spinning Dizzy  
  85  18:09  Devastation Turret  
  86  18:13  SCV  
  87  18:27  Goliath, SCV  
  87  18:29  Devastation Turret  
  90  18:37  Perdition Turret  
  92  19:00  Devastation Turret  
Show
View Real Time Build Order
Export as new Build Order

gag Zerg 

Build Orders:  

Get SALT Encoding   

  12  0:18  Extractor  
  11  0:20  Drone x2  
  11  0:23  Drone  
  14  0:36  Overlord  
  14  1:08  Spawning Pool  
  13  1:10  Drone  
  13  1:17  Drone  
  15  1:24  Drone  
  16  1:36  Extractor  
  15  1:48  Evolution Chamber  
  14  2:08  Drone x2  
  14  2:09  Drone  
  17  2:19  Lair  
  17  2:25  Drone  
  18  2:32  Drone  
  19  2:47  Overlord  
  19  3:00  Heroic Fortitude  
  19  3:26  Hydralisk Den  
  19  3:29  Drone x2  
  22  3:30  Drone  
  21  4:00  Zerg Ground Armor Level 1  
  29  4:53  Overlord  
  29  4:54  Hydralisk x4  
  35  5:31  Hydralisk x3  
  35  6:13  Hatchery  
  34  6:40  Zerg Missile Weapons Level 1  
  34  6:59  Overlord x2  
  43  7:00  Overlord x2  
  38  7:02  Hydralisk x2  
  38  7:19  Muscular Augments  
  36  8:07  Hydralisk x4  
  44  8:13  Drone x2  
  44  8:19  Ancillary Carapace  
  56  9:24  Hydralisk  
  56  9:25  Hydralisk x4  
  56  9:27  Extractor  
  55  9:30  Drone x3  
  55  9:39  Extractor, Drone x2  
  59  9:40  Drone  
  60  11:38  Unknown  
  56  12:08  Hydralisk x2  
  56  12:09  Hydralisk x4, Overlord x2  
  76  12:11  Hydralisk  
  76  12:12  Hydralisk x3  
  76  12:30  Zerg Missile Weapons Level 2  
  74  13:48  Hydralisk x6  
  92  13:50  Overlord  
  92  13:52  Hydralisk x3  
  92  15:32  Hive  
  92  15:40  Zerg Ground Armor Level 2  
  88  17:27  Overseer  
  88  18:30  Extractor  
Tags
 
Commander
KerriganSwann
Matchup
Co-op
Replay Pack
Multiplayer
Add a new tag
Caveats
  • Supply blocks, unpowered buildings, or Contaminate may cause inaccurate times.
  • Supply counts are checked every 10 seconds.